 Dungeon Crawl Stone Soup version 0.31.0-32-g396128a36d (webtiles) character file.

Game seed: 233266858626150168

815 mfp570 the Chopper (level 7, 0/91 HPs)
             Began as a Minotaur Fighter on Apr 12, 2024.
             Slain by a vampire mosquito (3 damage)
             ... on level 6 of the Dungeon.
             The game lasted 00:07:31 (4838 turns).

mfp570 the Chopper (Minotaur Fighter)               Turns: 4838, Time: 00:07:31

Health: 0/91       AC: 23    Str: 21    XL:     7   Next: 62%
Magic:  6/6        EV:  2    Int:  7    God:
Gold:   159        SH:  5    Dex:  9    Spells: 6/6 levels left

rFire   . . .        a - +0 war axe
rCold   . . .        c - +1 buckler
rNeg    . . .        b - melded +0 scale mail
rPois   +            (helmet currently unavailable)
rElec   .            (cloak currently unavailable)
rCorr   .            (gloves currently unavailable)
SInv    .            (boots currently unavailable)
Will    .....        (no amulet)
Stlth   +            (no ring)
HPRegen 0.35/turn    (no ring)
MPRegen 0.10/turn

%: no passive effects
@: tree-form
A: stationary, stasis, torment immunity, boosted hp, (horns 2), (retaliatory
headbutt)
a: no special abilities


You were on level 6 of the Dungeon.
You were a tree.
You visited 1 branch of the dungeon, and saw 6 of its levels.

You collected 159 gold pieces.

Inventory:

Hand Weapons
 a - a +0 war axe (weapon)
Missiles
 p - 3 poisoned darts (quivered)
Armour
 b - a +0 scale mail (melded)
 c - a +1 buckler (worn)
Wands
 s - a wand of flame (19)
 B - a wand of mindburst (7)
Scrolls
 e - 2 scrolls of torment
 i - a scroll of fear {unknown}
 j - a scroll of enchant armour
 k - 2 scrolls of identify
 n - a scroll of butterflies {unknown}
 o - a scroll of vulnerability {unknown}
 r - a scroll of amnesia {unknown}
 t - a scroll of brand weapon {unknown}
 u - a scroll of silence {unknown}
 x - a scroll of teleportation {unknown}
 y - a scroll of fog {unknown}
 z - a scroll of immolation {unknown}
Potions
 d - a potion of might
 f - a potion of magic {unknown}
 g - a potion of enlightenment
 h - a potion of heal wounds {unknown}
 l - a potion of attraction {unknown}
 m - a potion of curing
 q - a potion of lignification
 v - a potion of haste {unknown}
 w - a potion of resistance {unknown}
 A - a potion of mutation {unknown}


   Skills:
 + Level 5.5 Fighting
 + Level 6.7 Axes
 + Level 6.3 Armour
 + Level 2.7 Dodging
 + Level 0.1 Stealth
 + Level 4.7 Shields


You had 6 spell levels left.
You didn't know any spells.
Your spell library was empty.

Dungeon Overview and Level Annotations

Branches:
Dungeon (6/15)             Temple (0/1) D:4

Altars:
Gozag
Nemelex Xobeh
Sif Muna

Shops:
D:5 [

Annotations:
D:4 Pikel


Innate Abilities, Weirdness & Mutations

You are a tree.
Your roots penetrate the ground, keeping you stationary.
You cannot be teleported.
You are immune to unholy pain and torment.
Your maximum health is greatly increased.
Your equipment is partially melded.
((You have a pair of horns on your head.))
((You reflexively headbutt those who attack you in melee.))


Message History

You block the vampire mosquito's attack. x2
The steam dragon bites you.
* * * LOW HITPOINT WARNING * * *
The steam dragon claws you but does no damage.
You feel better.
The vampire mosquito is engulfed in a cloud of scalding steam.
You block the vampire mosquito's attack.
The vampire mosquito is engulfed in a cloud of scalding steam.
The vampire mosquito bites you.
* * * LOW HITPOINT WARNING * * *
The vampire mosquito draws strength from your injuries!
The steam dragon bites you.
* * * LOW HITPOINT WARNING * * *
The steam dragon closely misses you.
It was a potion of lignification.
You turn into a tree.
Your +0 scale mail melds into your body.
Your roots penetrate the ground.
You block the vampire mosquito's attack.
The vampire mosquito bites you but does no damage.
The steam dragon bites you but does no damage.
The steam dragon claws you but does no damage.
Unknown command.
Unknown command.
Okay, then.
You closely miss the steam dragon.
The steam dragon is heavily wounded.
You miss the vampire mosquito.
You block the vampire mosquito's attack.
The vampire mosquito bites you.
* * * LOW HITPOINT WARNING * * *
The vampire mosquito draws strength from your injuries!
The steam dragon bites you.
* * * LOW HITPOINT WARNING * * *
The steam dragon claws you but does no damage.
You completely miss the steam dragon.
The steam dragon is heavily wounded.
You barely miss the vampire mosquito.
The vampire mosquito bites you but does no damage.
The vampire mosquito bites you.
You die...

.. . ... ....#(....♣
#..##.........♣
###..#..... ...♣ ..
..........# ...♣♣ ..
..........##....♣ ..
................♣ ....
#.......†.y...♣ .....
#........♣D.# ..
..###...........#
...<...................
.....#.........P..⌠.....
#...##......).P~P.......
#....#.........~.....#..
#..............P..#...#.
#.##.#...........+##...
#.####.....^.#..##


You could see a steam dragon and a vampire mosquito.

Vanquished Creatures
  A vampire mosquito (D:6)
  3 black bears
  An ogre (D:5)
  A lemure (D:3)
  A scorpion (D:5)
  4 hounds
  An iguana (D:5)
  An orc wizard (D:4)
  8 adders
  2 shadow imps
  2 white imps
  2 ufetubi (D:6)
  3 dart slugs
  5 orcs
  7 bats
  4 endoplasms
  7 giant cockroaches
  4 goblins
  3 hobgoblins
  5 quokkas
  5 ball pythons
  7 kobolds
  8 rats
85 creatures vanquished.

Notes
Turn   | Place    | Note
-------+----------+-------------------------------------------
     0 | D:1      | mfp570 the Minotaur Fighter began the quest for the Orb.
     0 | D:1      | Reached XP level 1. HP: 19/19 MP: 0/0
   229 | D:1      | Reached XP level 2. HP: 27/27 MP: 1/1
   900 | D:2      | Identified the +1 leather armour "Ohaog" {Will+ Dex+2
                  | Slay-2}
   916 | D:2      | Reached XP level 3. HP: 33/33 MP: 2/2
  1386 | D:2      | Found a sparkling altar of Nemelex Xobeh.
  1718 | D:3      | Reached XP level 4. HP: 36/40 MP: 3/3
  1913 | D:3      | Reached skill level 1 in Dodging
  2184 | D:3      | Found a sparkling altar of Nemelex Xobeh.
  2184 | D:3      | Found an opulent altar of Gozag.
  2280 | D:3      | Found a shimmering blue altar of Sif Muna.
  2427 | D:3      | Found a faded altar of an unknown god.
  2670 | D:4      | Noticed a black bear
  2677 | D:4      | Reached XP level 5. HP: 15/47 MP: 4/4
  2679 | D:4      | Killed a black bear
  3016 | D:4      | Found a staircase to the Ecumenical Temple.
  3052 | D:4      | Noticed Pikel
  3053 | D:4      | Noticed a lemure
  3054 | D:4      | Noticed a lemure
  3054 | D:4      | Noticed a lemure
  3054 | D:4      | Noticed a lemure
  3212 | D:4      | Reached skill level 5 in Armour
  3212 | D:4      | Reached XP level 6. HP: 54/55 MP: 5/5
  3670 | D:5      | Entered Level 5 of the Dungeon
  3760 | D:5      | Reached skill level 5 in Fighting
  3760 | D:5      | Reached skill level 5 in Axes
  4183 | D:5      | Reached XP level 7. HP: 49/61 MP: 6/6
  4573 | D:5      | Found Doegeym's Armour Shop.
  4822 | D:6      | Noticed a steam dragon
  4829 | D:6      | Noticed a vampire mosquito
  4830 | D:6      | Noticed a vampire mosquito
  4833 | D:6      | Killed a vampire mosquito
  4833 | D:6      | HP: 3/61 [steam dragon (7)]
  4838 | D:6      | Slain by a vampire mosquito

Illustrated notes

Levels and vault maps discovered:
D:1:      heliophobic_arrival_henge, layout_loops_corners,
          nicolae_figureground_sparkle
D:2:      layout_basic, basic_altar, kennysheep_generic_room_16
D:3:      layout_loops_ring, grunt_temple_overflow_opulence,
          mainiacjoe_overflow_24_doors,
          dreamdust_ecumenical_altar_hidden_monk_grotto
D:4:      layout_gridville, minmay_temple_entry_arrows, serial_shops, shop,
          uniq_pikel
D:5:      layout_basic, serial_shops, nicolae_shop_back_alley_shop
D:6:      layout_cave_pools, grunt_dithmenos_smoke_and_mirrors,
          tso_oasis_becter, gup_sewer_entry_pipe, serial_bayou,
          serial_bayou_pond_e, serial_bayou_crossing, serial_bayou_lake_a,
          serial_bayou_shore_b, uniq_crazy_yiuf_cottage

Skill      XL: |  1  2  3  4  5  6  7 |
---------------+----------------------+-----
Shields        | 4 |  4.7
Armour         | 4 5 6 |  6.3
Axes           | 3 4 6 |  6.7
Fighting       | 4 5 |  5.5
Dodging        | 1 2 |  2.7
Stealth        | |  0.1

Action                     |  1- 3 |  4- 6 |  7- 9 || total
---------------------------+-------+-------+-------++-------
  Melee: War axe           |    81 |   118 |    35 ||   234
         Headbutt          |    14 |    11 |     7 ||    32
    Use: Potion            |       |     1 |     3 ||     4
         Scroll            |       |       |     2 ||     2
 Armour: Scale mail        |    66 |   133 |    62 ||   261
         Skin              |       |       |     8 ||     8
  Dodge: Dodged            |    33 |    61 |    39 ||   133
  Block: Buckler           |    20 |    27 |    11 ||    58
